 Dungeon Crawl Stone Soup version 0.28-a0-1152-g9c71ebef14 (webtiles) character file.

Game seed: 3696222458335398692

5393 spaghetti the Spear-Bearer (level 10, -1/77 HPs)
             Began as a Mummy Delver on Dec 14, 2021.
             Was an Initiate of Gozag.
             Slain by a boulder beetle (10 damage)
             ... on level 11 of the Dungeon.
             The game lasted 00:19:42 (9505 turns).

spaghetti the Spear-Bearer (Mummy Delver)           Turns: 9505, Time: 00:19:43

Health: -1/77      AC: 13    Str: 19    XL:     10   Next: 39%
Magic:  10/10      EV:  6    Int: 10    God:    Gozag
Gold:   273        SH:  0    Dex: 14    Spells: 9/9 levels left

rFire   x . .      SeeInvis .   b - +3 trident (protect) {polearm}
rCold   + . .      Faith    .   (no shield)
rNeg    + + +      Spirit   .   i - +1 plate armour
rPois   ∞          Reflect  .   (no helmet)
rElec   .          Harm     .   (no cloak)
rCorr   .          Rampage  .   j - +0 pair of gloves
Will    +....                   (no boots)
Stlth   ..........              v - amulet of regeneration {@e2}
HPRegen 1.02/turn               (no ring)
MPRegen 0.12/turn               (no ring)

@: about to teleport
A: cold resistance 1, negative energy resistance 3, torment resistance 2, heat
vulnerability 1, no potions
a: Renounce Religion, Potion Petition, Call Merchant, Bribe Branch


You were on level 11 of the Dungeon.
You worshipped Gozag.
Gozag was aware of your devotion.
You visited 2 branches of the dungeon, and saw 13 of its levels.

You collected 2550 gold pieces.
You paid 2277 gold pieces to Gozag.


Innate Abilities, Weirdness & Mutations

You are immune to poison.
Your flesh is cold resistant. (rC+)
You are immune to negative energy. (rN+++)
You are immune to unholy pain and torment.
You are vulnerable to heat. (rF-)
You do not drink.


   Skills:
 - Level 6.9 Fighting
 - Level 1.5 Long Blades
 + Level 10.5 Polearms
 - Level 3.5 Throwing
 - Level 4.0 Armour
 - Level 1.5 Dodging
 - Level 4.1 Stealth


You had 9 spell levels left.
You didn't know any spells.
Your spell library contained the following spells:

 Spells                   Type           Power      Damage    Failure   Level
 Foxfire                  Conj/Fire      0%         2x1d4     100%        1
 Sandblast                Erth           0%         2d4       100%        1
 Summon Small Mammal      Summ           0%         N/A       100%        1
 Blink                    Tloc           0%         N/A       100%        2
 Passwall                 Tmut/Erth      0%         N/A       100%        2
 Call Canine Familiar     Summ           0%         N/A       100%        3
 Conjure Flame            Conj/Fire      0%         6-21      100%        3
 Inner Flame              Hex/Fire       0%         N/A       100%        3
 Stone Arrow              Conj/Erth      0%         3d7       100%        3
 Summon Guardian Golem    Hex/Summ       0%         N/A       100%        3
 Cause Fear               Hex            0%         N/A       100%        4
 Flame Wave               Conj/Fire      0%         2d4       100%        4
 Manifold Assault         Tloc           0%         N/A       100%        5
 Discord                  Hex            0%         N/A       100%        8
 Storm Form               Tmut/Air       Unusable   N/A       N/A         7

Inventory:

Hand Weapons
 a - a +1 falchion of protection {long}
 b - a +3 trident of protection (weapon) {polearm}
   (You took it off a gnoll sergeant on level 8 of the Dungeon)
 q - a +7 scythe of venom {polearm}
   (You took it off Sigmund on level 2 of the Dungeon)
 A - a +4 trident {polearm}
   (You took it off a wight on level 6 of the Dungeon)
Missiles
 e - 356 stones {throwing}
 g - 8 javelins {throwing}
 k - 134 arrows
 l - 37 poisoned darts (quivered) {throwing}
 s - 97 sling bullets
 t - 44 bolts
 x - 9 boomerangs {throwing}
Armour
 i - a +1 plate armour (worn)
   (You found it on level 5 of the Dungeon)
 j - a +0 pair of gloves (worn)
   (You found it on level 5 of the Dungeon)
 p - the +1 robe of Vines {NoPotionHeal Regen++++}
   (You found it on level 9 of the Dungeon)

   Its wearer cannot be healed by potions.
   Regen:     It increases your rate of health regeneration.
Magical Staves
 r - a staff of earth {!astaff}
   (You found it on level 2 of the Dungeon)
 z - a staff of poison {!astaff}
   (You found it on level 5 of the Dungeon)
Jewellery
 h - a ring of fire
   (You found it on level 6 of the Dungeon)
 m - an amulet of the acrobat
   (You found it on level 2 of the Dungeon)
 o - an amulet of faith {!P}
   (You found it on level 4 of the Dungeon)
 v - an amulet of regeneration (around neck) {@e2}
   (You found it on level 1 of the Dungeon)
 y - a ring of fire
   (You found it on level 2 of the Dungeon)
 E - a +6 ring of dexterity
   (You took it off an orc wizard on level 10 of the Dungeon)
Scrolls
 c - 2 scrolls of fog
 d - a scroll of magic mapping {!r}
 n - 3 scrolls of teleportation {@r4}
 u - 3 scrolls of enchant armour
 w - a scroll of holy word {!r}
 B - 2 scrolls of identify {@r1}
 C - a scroll of noise {!r}

Dungeon Overview and Level Annotations

Branches:
Dungeon (12/15)            Temple (1/1) D:4
   Lair: D:8-11         Orc: D:9-12

Altars:
Ashenzari
Cheibriados
Dithmenos
Elyvilon
Fedhas
Gozag
Hepliaklqana
Makhleb
Nemelex Xobeh
Okawaru
Ru
Sif Muna
Trog
Uskayaw
Vehumet
Wu Jian
Xom
Yredelemnul
Zin
The Shining One

Shops:
D:8 *

Annotations:
D:8 1 runed translucent door, KennySheep's ghost, journeyman HuCA

....[..#####
...#....$....# #
.># ##....# .. ..#
##.....# #.. # #.#
##$#....# #..#.#.#
##.##....#
#...#.###.###.?..#
#.(.....°## #....#
#$##@#○## #....#
#.B.# ######
#....# ###...#
#.#.# #.#...
#.##... #.# #...
.. ...


You could see a boulder beetle (rolling).


Message History

Okay, then.
Unknown command.
You can't drink.
Okay, then.
Okay, then. [a] - 525 gold - curing, magic, haste and brilliance [b] - 480 gold - heal wounds, curing and magic [c] - 322 gold - might and resistance Purchase which effect?
You no longer have enough gold to petition Gozag for potion effects.
You feel much better.
You feel better. Magic courses through your body.
The vampire mosquito closely misses you. 😮 HP[+35]
You regained 35 hp, and now have 48/77 hp.
Unknown command.
Unknown command.
Your +7 scythe of venom {polearm} stops dripping with poison.
Your +3 trident of protection {polearm} hums with potential!
b - a +3 trident of protection (weapon)
{polearm} The vampire mosquito bites you! 😮 HP[-7]
You take 7 damage, and now have 41/77 hp.
You are too injured to fight recklessly!
You are too injured to fight recklessly!
You are too injured to fight recklessly!
You barely miss the vampire mosquito. The vampire mosquito barely misses you.
The vampire mosquito closely misses you. 😮 HP[+1]
Your plate armour prevents you from hitting the vampire mosquito.
The vampire mosquito barely misses you.
You puncture the vampire mosquito!
Your weapon exudes an aura of protection.
The vampire mosquito bites you!
* * * LOW HITPOINT WARNING * * *
The vampire mosquito barely misses you. 😨 HP[-6]
You take 6 damage, and now have 36/77 hp.
Unknown command.
Unknown command.
You hit the vampire mosquito.
The boulder beetle is no longer distracted by gold.
The vampire mosquito bites you but does no damage.
The boulder beetle leaps! 😨 HP[+1]
You puncture the vampire mosquito!
The vampire mosquito bites you but does no damage. x2 😨 HP[+1]
You puncture the vampire mosquito! The vampire mosquito bites you.
* * * LOW HITPOINT WARNING * * *
😨 HP[-1]
You take 1 damage, and now have 37/77 hp.
Unknown command.
You miss the vampire mosquito.
The vampire mosquito bites you but does no damage.
The vampire mosquito bites you!
* * * LOW HITPOINT WARNING * * *
😨 HP[-7]
You take 7 damage, and now have 30/77 hp.
You barely miss the vampire mosquito.
The vampire mosquito bites you but does no damage. 😨 HP[+1]
You miss the vampire mosquito.
The vampire mosquito bites you but does no damage. 😨 HP[+1]
You aren't carrying any items that you can evoke.
Unknown command.
Unknown command.
You puncture the vampire mosquito!
You destroy the vampire mosquito!
The boulder beetle curls into a ball and begins rolling! 😨 HP[+1]
Okay, then.
Unknown command. 😨 HP[+1] 😨 HP[+1]
The boulder beetle hits you!!
* * * LOW HITPOINT WARNING * * *
The boulder beetle stops rolling and uncurls. 😱 HP[-29]
You take 29 damage, and now have 6/77 hp.
MASSIVE DAMAGE!! (PAUSE) Unknown command.
Unknown command.
Unknown command.
Okay, then.
Okay, then.
Okay, then.
You can't drink.
Unknown command.
Found a stone staircase leading down.
The boulder beetle curls into a ball and begins rolling! 😱 HP[+1]
As you read the scroll of teleportation {@r4}, it crumbles to dust.
You feel strangely unstable. 😱 HP[+1] Unknown command.
Unknown command.
The boulder beetle hits you!
You die...
Your body crumbles into a pile of gold.

Skill      XL: |  1  2  3  4  5  6  7  8  9 10 |
---------------+-------------------------------+-----
Fighting       | 4 5 6 |  6.9
Throwing       | 1 2 3 |  3.5
Armour         | 1 4 |  4.0
Polearms       | 3 7 9 10 | 10.5
Long Blades    | |  1.5
Dodging        | |  1.5
Stealth        | |  4.1

Action                   |  1- 3 |  4- 6 |  7- 9 | 10-12 || total
-------------------------+-------+-------+-------+-------++-------
Melee: Falchion          |    32 |   172 |       |       ||   204
       Scythe            |       |       |   190 |     7 ||   197
       Trident           |       |       |   152 |    83 ||   235
Throw: Stone             |     5 |       |       |       ||     5
       Javelin           |     4 |       |       |       ||     4
       Dart              |       |    24 |       |     1 ||    25
Invok: Potion Petition   |       |       |     2 |     2 ||     4
Evoke: Wand              |     1 |       |     1 |     1 ||     3
  Use: Scroll            |     1 |     7 |     5 |     2 ||    15
 Stab: Sleeping          |     1 |     7 |    22 |       ||    30
       Distracted        |       |       |     3 |     1 ||     4
Armor: Leather armour    |     4 |    88 |    22 |       ||   114
       Plate armour      |       |       |   180 |    54 ||   234
Dodge: Dodged            |    27 |   125 |   137 |    21 ||   310

Levels and vault maps discovered:
D:1:      eino_arrival_tree_alley, layout_loops_ring,
          ebering_ecumenical_altar_sacrificial
D:2:      layout_basic, uniq_sigmund
D:3:      layout_loops_ring
D:4:      layout_basic, minmay_temple_entry_stoned_glass, minmay_statues_item
D:5:      layout_loops_ring, grunt_temple_overflow_open,
          nicolae_ossuary_entry_catacombs
D:6:      layout_loops_corners, minmay_strange_pillars
D:7:      layout_loops_ring, hangedman_ru_absence, uniq_menkaure
D:8:      layout_rooms, gammafunk_ghost_grave, enter_bailey_4,
          nicolae_transmutations_shop, serial_bayou_pond_d
D:9:      layout_irregular_city, erik_orc_4, minmay_misc_feat_more_columns,
          minmay_misc_feat_plants
D:10:     layout_roguey, erik_lair_island,
          hellmonk_guarded_unrand_staff_of_battle
D:11:     layout_rooms
D:12:     kennysheep_blocky_hall, layout_loops_ring, nicolae_twisting_strands,
          uniq_rupert
Temple:   mainiacjoe_temple_bowtie_tessellation

Notes
Turn   | Place    | Note
-------+----------+-------------------------------------------
     0 | D:5      | spaghetti the Mummy Delver began the quest for the Orb.
     0 | D:5      | Reached XP level 1. HP: 18/18 MP: 1/1
     0 | D:5      | magus.rc [v1.9.6]
    23 | D:5      | HP: 3/18 [scorpion zombie (2)]
    27 | D:5      | HP: 1/18 [scorpion zombie (2)]
    29 | D:5      | Reached skill level 4 in Fighting
    29 | D:5      | Reached XP level 2. HP: 2/25 MP: 2/2
   106 | D:5      | Noticed a scorpion
   365 | D:6      | HP: 5/25 [bullfrog zombie (3)]
   367 | D:6      | Reached XP level 3. HP: 7/31 MP: 3/3
   683 | D:6      | Noticed a black bear
  1013 | D:5      | Noticed a scorpion
  1022 | D:5      | HP: 7/31 [hound (3)]
  1023 | D:5      | HP: 3/31 [hound (3)]
  1024 | D:5      | HP: 1/31 [hound (2)]
  1026 | D:5      | Reached skill level 5 in Fighting
  1026 | D:5      | Reached XP level 4. HP: 2/39 MP: 4/4
  1404 | D:5      | HP: 9/39 [wyvern zombie (6)]
  1407 | D:5      | HP: 4/39 [wyvern zombie (6)]
  1416 | D:5      | HP: 2/39 [orc (3)]
  1869 | D:6      | Noticed a scorpion
  1870 | D:6      | magus.rc [v1.9.6]
  1875 | D:6      | Killed a scorpion
  1876 | D:6      | Reached skill level 1 in Throwing
  1876 | D:6      | Reached XP level 5. HP: 45/45 MP: 5/5
  1950 | D:6      | Noticed a black bear
  1963 | D:6      | Killed a black bear
  1964 | D:6      | Reached skill level 6 in Fighting
  1964 | D:6      | Reached skill level 2 in Throwing
  1975 | D:6      | Reached XP level 6. HP: 34/52 MP: 6/6
  2651 | D:3      | Reached skill level 3 in Throwing
  2848 | D:3      | You fall into a shaft and drop 1 floor!
  2971 | D:4      | Found a staircase to the Ecumenical Temple.
  3028 | Temple   | Entered the Ecumenical Temple
  3160 | Temple   | Became a worshipper of Gozag Ym Sagoz the Greedy
  3668 | D:3      | Identified a scroll of acquirement
  3669 | D:3      | Acquired 1194 gold pieces
  4130 | D:2      | Noticed Sigmund
  4141 | D:2      | Killed Sigmund
  4142 | D:2      | Reached skill level 1 in Armour
  4142 | D:2      | Reached XP level 7. HP: 52/59 MP: 7/7
  4617 | D:1      | Reached skill level 1 in Polearms
  5040 | D:1      | Found a faded altar of an unknown god.
  5940 | D:5      | Reached skill level 2 in Polearms
  5985 | D:5      | Found a snail-covered altar of Cheibriados.
  6052 | D:5      | Reached skill level 3 in Polearms
  6111 | D:5      | Reached XP level 8. HP: 62/65 MP: 8/8
  6144 | D:5      | Found a hazy altar of Hepliaklqana.
  6355 | D:5      | Reached skill level 4 in Polearms
  6534 | D:5      | Reached skill level 5 in Polearms
  6776 | D:6      | You pick up a book of Flames and begin reading...
  6776 | D:6      | You add the spells Foxfire, Conjure Flame, Inner Flame and
                  | Flame Wave to your library.
  6798 | D:6      | HP: 10/65 [wight (10)]
  6806 | D:6      | HP: 10/65 [wight (8)]
  6982 | D:6      | Reached skill level 6 in Polearms
  7159 | D:6      | magus.rc [v1.9.6]
  7382 | D:7      | Found a sacrificial altar of Ru.
  7427 | D:7      | You add the spells Blink and Manifold Assault to your
                  | library.
  7661 | D:7      | Noticed Menkaure
  7669 | D:7      | Killed Menkaure
  7670 | D:7      | Reached skill level 7 in Polearms
  7832 | D:7      | Reached XP level 9. HP: 59/71 MP: 9/9
  7899 | D:8      | Killed an unseen horror
  7900 | D:8      | Reached skill level 2 in Armour
  8053 | D:8      | You pick up a book of Hexes and begin reading...
  8053 | D:8      | You add the spells Cause Fear and Discord to your library.
  8102 | D:8      | Found a flagged portal.
  8184 | D:8      | Found Xuorhaiw's Changing Room.
  8433 | D:8      | Found a runed translucent door.
  8433 | D:8      | Noticed KennySheep's ghost (journeyman HuCA)
  8480 | D:9      | Reached skill level 3 in Armour
  8562 | D:10     | Entered Level 10 of the Dungeon
  8583 | D:9      | Found the +1 robe of Vines {NoPotionHeal Regen++++}
  8702 | D:9      | Reached skill level 8 in Polearms
  8738 | D:9      | You pick up a book of Geomancy and begin reading...
  8738 | D:9      | You add the spells Sandblast, Passwall and Stone Arrow to
                  | your library.
  8747 | D:9      | Reached skill level 4 in Armour
  8789 | D:9      | You pick up a book of Callings and begin reading...
  8789 | D:9      | You add the spells Summon Small Mammal, Call Canine
                  | Familiar and Summon Guardian Golem to your library.
  9032 | D:9      | Reached skill level 9 in Polearms
  9052 | D:9      | Reached XP level 10. HP: 52/77 MP: 10/10
  9332 | D:10     | Noticed a two-headed ogre
  9346 | D:10     | HP: 17/77 [two-headed ogre (17)]
  9369 | D:10     | HP: 12/77 [two-headed ogre (13)]
  9369 | D:10     | HP: 2/77 [two-headed ogre (10)]
  9373 | D:11     | Noticed a boulder beetle
  9377 | D:11     | Killed a two-headed ogre
  9378 | D:11     | Reached skill level 10 in Polearms
  9479 | D:11     | Noticed a boulder beetle
  9485 | D:11     | HP: 15/77 [vampire mosquito (7)]
  9502 | D:11     | HP: 6/77 [boulder beetle (30)]
  9505 | D:11     | Slain by a boulder beetle

Vanquished Creatures
  A two-headed ogre (D:11)
  An unseen horror (D:8)
  A hornet (D:9)
  7 yaks (D:9)
  Sigmund (D:2)
  A wraith (D:9)
  2 vampire mosquitoes (D:11)
  Menkaure (D:7)
  2 wargs (D:9)
  2 orc warriors
  A sky beast (D:7)
  2 black bears
  2 centaurs
  A bullfrog (D:9)
  A wyvern zombie (D:5)
  2 elf skeletons (D:5)
  3 scorpions
  A gnoll sergeant (D:8)
  A water moccasin skeleton (D:6)
  8 wights
  2 centaur zombies
  A bullfrog zombie (D:6)
  4 jellies
  2 hounds (D:5)
  5 orc priests
  A bullfrog skeleton (D:6)
  4 orc wizards
  A human skeleton (D:5)
  A scorpion zombie (D:5)
  An iguana (D:6)
  A killer bee zombie (D:8)
  A hound skeleton (D:4)
  3 gnolls (D:8)
  A howler monkey zombie (D:5)
  9 adders
  A white imp (D:7)
  An ufetubus (D:4)
  A worm (D:4)
  5 dart slugs
  21 orcs
  9 ball pythons
  6 bats
  7 endoplasms
  2 giant cockroaches
  10 goblins
  8 hobgoblins
  A quokka (D:1)
  2 frilled lizards (D:1)
  4 kobolds
  3 orc skeletons (D:5)
  8 rats
167 creatures vanquished.

Vanquished Creatures (collateral kills)
  An acid dragon (D:9)
  An orc wizard (D:9)
2 creatures vanquished.

Vanquished Creatures (others)
  2 withered plants (D:8)
2 creatures vanquished.

Grand Total: 171 creatures vanquished

Table legend:
 A = Non-vault XP
 B = Vault XP
 C = Vault XP percentage of total XP
 D = Non-vault monster count
 E = Vault monster count
 F = Vault count percentage of total count
                 A         B        C        D         E       F
            +---------+---------+-------+---------+---------+-------
      Total |    6539 |    1166 |  15.1 |     140 |      29 |  17.2
            +---------+---------+-------+---------+---------+-------
        D:1 |      43 |       0 |   0.0 |      25 |       0 |   0.0
        D:2 |      76 |     205 |  73.0 |      23 |       1 |   4.2
        D:3 |      33 |       0 |   0.0 |       6 |       0 |   0.0
        D:4 |     122 |       0 |   0.0 |      14 |       0 |   0.0
        D:5 |     756 |     205 |  21.3 |      17 |       6 |  26.1
        D:6 |     878 |       0 |   0.0 |      19 |       0 |   0.0
        D:7 |     359 |     169 |  32.0 |       7 |       1 |  12.5
        D:8 |     713 |      10 |   1.4 |      10 |       5 |  33.3
        D:9 |    2341 |     577 |  19.8 |      15 |      16 |  51.6
       D:10 |      37 |       0 |   0.0 |       1 |       0 |   0.0
       D:11 |    1181 |       0 |   0.0 |       3 |       0 |   0.0
            +---------+---------+-------+---------+---------+-------

Illustrated notes

Table legend:
 A = Kills in this place as a percentage of kills in entire the game.
 B = Kills by you in this place as a percentage of kills by you in the entire game.
 C = Kills by friends in this place as a percentage of kills by friends in the entire game.
 D = Other kills in this place as a percentage of other kills in the entire game.
 E = Experience gained in this place as a percentage of experience gained in the entire game.
 F = Experience gained in this place divided by the number of levels of this place that you have seen.
                   A       B       C       D       E      F
               +-------+-------+-------+-------+-------+----------------------
         Total | 100.0 | 100.0 | 100.0 |   N/A | 100.0 | 592.7
       Dungeon | 100.0 | 100.0 | 100.0 |   N/A | 100.0 | 642.1
               +-------+-------+-------+-------+-------+----------------------

Table legend: (Time is in decaauts)
 A = Elapsed time spent in this place.
 B = Non-inter-level travel time spent in this place.
 C = Inter-level travel time spent in this place.
 D = Time resting spent in this place.
 E = Time spent auto-exploring this place.
 F = Levels seen in this place.
 G = Mean time per level.
                   A        B        C        D        E       F      G
               +--------+--------+--------+--------+--------+-----+--------+
         Total |   9689 |   8999 |    690 |   1593 |   5379 |  13 |  745.3 |
       Dungeon |   9529 |   8866 |    663 |   1593 |   5265 |  12 |  794.1 |
        Temple |    159 |    132 |     27 |      0 |    114 |   1 |  159.0 |
               +--------+--------+--------+--------+--------+-----+--------+

Top non-repeatable levels by time:
     D:6: 2071 daAuts
     D:5: 1737 daAuts
     D:2: 1199 daAuts
     D:1: 793 daAuts
     D:8: 788 daAuts
     D:4: 731 daAuts
     D:7: 666 daAuts
     D:9: 663 daAuts
     D:3: 662 daAuts
  Temple: 159 daAuts
    D:11: 120 daAuts
    D:10: 80 daAuts
    D:12: 14 daAuts
